AoeStats
← Blyad _Mann

Black Forest

509193634Analyzed
4v4 RM · 6d ago on Sep 25, 2026· 70m 50s· 8 players
Game mode
Random Map
Map size
Large (8 player)
Population
200
Speed
Normal
Resources
Standard
Victory
Conquest
Starting age
Dark Age
Ending age
Imperial Age
RankedLock teamsTeams togetherTeam positionsShared explorationLock speedFull tech treeHidden civsTurbo modeCheats
Victory
Defeat
🇬🇧 Byzantines · United Kingdom
951
+13
🇳🇱 Varangians · Netherlands
920
+14
🇩🇰 Celts · Denmark
920
+14
🇺🇸 Spanish · United States
915
+14
🇮🇹 Teutons · Italy
953
-18
🇩🇪 Danes · Germany
864
-13
🇹🇷 Britons · Türkiye
862
-13
🇮🇹 Britons · Italy
812
-16
TheDrunkenKoala
1:26 Loom
13:06 Feudal Age
13:38 Horse Collar
13:49 Double-Bit Axe
20:01 Castle Age
19:14 Wheelbarrow
19:04 Stone Mining
19:14 Gold Mining
20:42 Heavy Plow
20:56 Bow Saw
22:06 Caravan
33:16 Imperial Age
31:49 Scale Barding Armor
31:35 Fletching
32:03 Forging
31:59 Town Watch
32:38 Ballistics
32:22 Padded Archer Armor
32:23 Scale Mail Armor
33:37 Hand Cart
33:28 Bodkin Arrow
33:54 Chain Barding Armor
33:46 Husbandry
35:45 Chemistry
35:47 Conscription
36:29 Bloodlines
35:40 Light Cavalry
35:56 Capped Ram
36:50 Elite Conquistador
37:37 Hussar
39:37 Two-Man Saw
39:46 Murder Holes
40:28 Plate Barding Armor
40:09 Leather Archer Armor
41:11 Elite Skirmisher
41:56 Thumb Ring
41:26 Pikeman
42:45 Halberdier
43:26 Squires
43:12 Gambesons
48:34 Onager
49:52 Town Patrol
50:10 Chain Mail Armor
50:26 Ring Archer Armor
50:32 Iron Casting
59:24 Bombard Tower
59:15 Fortified Wall
59:18 Masonry
66:42 Plate Mail Armor
67:13 Blast Furnace
66:13 Bracer
66:43 Cavalier
70:45 Architecture
70:48 Illumination
70:19 Herbal Medicine
70:59 Theocracy
70:25 Devotion
70:45 Sanctity
70:46 Heresy
70:37 Redemption
70:27 Atonement
70:43 Block Printing
70:38 Fervor
71:25 Stone Shaft Mining
70:40 Heavy Mounted Crossbowman
70:42 Siege Ram
Blyad _Mann
0:27 Loom
12:34 Feudal Age
13:00 Horse Collar
13:05 Double-Bit Axe
20:10 Castle Age
18:32 Gold Mining
19:16 Forging
19:23 Stone Mining
21:12 Bow Saw
22:08 Wheelbarrow
26:02 Heavy Plow
27:58 Hand Cart
30:01 Iron Casting
29:26 Scale Mail Armor
32:18 Imperial Age
31:19 Husbandry
30:39 Light Cavalry
31:30 Bloodlines
32:13 Squires
31:58 Arson
31:58 Gambesons
32:54 Iron Casting
32:19 Scale Mail Armor
32:26 Scale Barding Armor
32:34 Elite Varangian Guard
32:40 Cavalier
33:43 Conscription
35:53 Blast Furnace
35:08 Chain Mail Armor
34:21 Vendel Legacy
36:16 Guilds
36:07 Caravan
36:54 Chain Barding Armor
37:09 Town Watch
38:49 Two-Man Saw
38:57 Plate Mail Armor
38:05 Pikeman
40:46 Plate Barding Armor
39:59 Elite Jarl
42:58 Gothikon
51:28 Halberdier
59:43 Arson
63:53 Hussar
Like_2_win2
0:35 Loom
11:48 Feudal Age
13:06 Wheelbarrow
12:35 Horse Collar
14:22 Double-Bit Axe
19:32 Castle Age
17:50 Stone Mining
18:40 Gold Mining
20:56 Hand Cart
20:59 Bow Saw
23:40 Stone Shaft Mining
25:14 Town Watch
30:22 Imperial Age
30:19 Gold Shaft Mining
30:09 Heavy Plow
31:51 Onager
35:01 Furor Celtica
34:22 Heavy Scorpion
35:37 Gambesons
36:32 Siege Engineers
38:40 Siege Onager
43:06 Stronghold
44:00 Forging
43:42 Fletching
43:53 Padded Archer Armor
43:54 Scale Mail Armor
45:46 Elite Woad Raider
48:02 Iron Casting
47:43 Caravan
51:28 Blast Furnace
50:45 Chain Mail Armor
50:41 Arson
54:19 Plate Mail Armor
54:30 Hoardings
60:38 Conscription
66:15 Leather Archer Armor
67:08 Chemistry
66:04 Murder Holes
66:20 Masonry
necca
0:32 Loom
13:45 Feudal Age
18:56 Castle Age
17:54 Wheelbarrow
17:11 Double-Bit Axe
17:18 Horse Collar
19:26 Wheelbarrow
20:01 Bow Saw
20:31 Heavy Plow
21:51 Hand Cart
27:43 Husbandry
27:41 Gold Mining
27:41 Stone Mining
28:56 Pikeman
29:36 Squires
33:54 Imperial Age
32:54 Stone Shaft Mining
32:51 Forging
32:46 Scale Barding Armor
32:14 Light Cavalry
34:21 Iron Casting
35:18 Crop Rotation
35:50 Two-Man Saw
35:28 Gold Shaft Mining
39:31 Chemistry
38:52 Ballistics
39:05 Chain Barding Armor
38:46 Scale Mail Armor
38:46 Padded Archer Armor
38:36 Fletching
39:26 Murder Holes
39:41 Fortified Wall
39:17 Treadmill Crane
44:59 Conscription
44:51 Logistica
44:02 Elite Cataphract
44:43 Greek Fire
44:17 Cavalier
46:51 Paladin
50:41 Bombard Tower
50:10 Arrowslits
51:05 Hoardings
56:02 Caravan
60:19 Plate Barding Armor
TrueCrime
0:29 Loom
12:54 Feudal Age
19:31 Castle Age
18:02 Double-Bit Axe
18:01 Horse Collar
20:56 Bow Saw
20:50 Heavy Plow
22:16 Wheelbarrow
25:49 Gold Mining
27:08 Stone Mining
30:29 Forging
30:20 Scale Mail Armor
30:32 Gambesons
30:48 Squires
30:34 Arson
30:31 Hamask
35:05 Imperial Age
33:32 Iron Casting
32:58 Padded Archer Armor
32:49 Fletching
33:44 Chain Mail Armor
34:19 Gold Shaft Mining
34:19 Stone Shaft Mining
35:11 Hand Cart
35:13 Caravan
35:40 Leather Archer Armor
35:20 Bodkin Arrow
35:59 Cranequins
37:42 Chemistry
37:31 Ballistics
37:10 Heavy Mounted Crossbowman
38:26 Thumb Ring
38:46 Conscription
38:44 Onager
39:45 Elite Varangian Guard
41:05 Hoardings
42:07 Ring Archer Armor
41:37 Bracer
42:36 Scale Barding Armor
43:02 Plate Mail Armor
43:33 Blast Furnace
43:24 Siege Engineers
43:44 Husbandry
43:54 Bloodlines
43:23 Elite Jomsviking
48:27 Siege Onager
49:16 Northmen's Fury
56:47 Elite Skirmisher
61:26 Heavy Scorpion
63:53 Light Cavalry
66:02 Chain Barding Armor
67:54 Pikeman
rusalco
6:42 Loom
12:32 Feudal Age
14:03 Double-Bit Axe
18:01 Castle Age
16:30 Horse Collar
16:46 Gold Mining
16:47 Stone Mining
22:34 Wheelbarrow
22:18 Bow Saw
25:01 Hand Cart
26:00 Heavy Plow
31:24 Imperial Age
30:15 Caravan
30:07 Pikeman
30:48 Squires
30:34 Arson
30:46 Gambesons
30:59 Crossbowman
31:00 Elite Skirmisher
33:21 Chemistry
33:38 Fletching
33:49 Padded Archer Armor
33:51 Scale Mail Armor
34:01 Forging
33:38 Halberdier
34:53 Arbalester
35:26 Cavalier
35:31 Light Cavalry
35:34 Cavalier
36:14 Husbandry
37:00 Gold Shaft Mining
37:49 Scale Barding Armor
38:20 Iron Casting
37:41 Bodkin Arrow
40:17 Chain Barding Armor
40:58 Blast Furnace
43:26 Light Cavalry
45:49 Onager
49:51 Bracer
58:54 Warwolf
60:55 Ballistics
60:49 Fortified Wall
66:56 Plate Barding Armor
66:39 Leather Archer Armor
66:40 Chain Mail Armor
alpercetiner66
0:27 Loom
12:12 Feudal Age
19:48 Castle Age
18:18 Horse Collar
18:24 Double-Bit Axe
18:33 Gold Mining
18:51 Stone Mining
20:46 Heavy Plow
20:58 Bow Saw
22:05 Wheelbarrow
21:22 Town Watch
22:34 Gold Shaft Mining
21:57 Town Watch
24:55 Caravan
28:03 Hand Cart
28:08 Fortified Wall
28:56 Treadmill Crane
29:38 Ballistics
29:14 Murder Holes
30:10 Masonry
29:53 Fletching
30:03 Padded Archer Armor
30:33 Town Patrol
31:29 Leather Archer Armor
31:30 Bodkin Arrow
32:13 Coinage
33:13 Yeomen
36:04 Imperial Age
34:15 Forging
34:05 Scale Mail Armor
37:07 Conscription
37:25 Hoardings
37:50 Arrowslits
38:36 Architecture
39:19 Chemistry
38:31 Sappers
39:32 Bracer
40:08 Ring Archer Armor
42:54 Banking
42:35 Guilds
44:09 Iron Casting
43:49 Chain Mail Armor
44:29 Elite Longbowman
52:25 Two-Man Saw
64:01 Blast Furnace
63:31 Plate Mail Armor
64:03 Plate Mail Armor
64:18 Man-at-Arms
64:18 Pikeman
64:44 Gambesons
65:24 Squires
65:22 Arson
68:38 Long Swordsman
Papà di Jim
1:22 Loom
14:53 Feudal Age
15:59 Gold Mining
15:57 Double-Bit Axe
15:55 Horse Collar
23:32 Castle Age
22:10 Stone Mining
22:59 Wheelbarrow
22:19 Fletching
22:40 Forging
22:31 Scale Mail Armor
22:37 Scale Barding Armor
23:09 Bloodlines
25:09 Caravan
25:43 Bow Saw
31:36 Bodkin Arrow
32:17 Iron Casting
32:03 Chain Barding Armor
31:59 Chain Mail Armor
33:17 Fortified Wall
36:42 Imperial Age
36:24 Heavy Plow
36:43 Hand Cart
36:15 Town Watch
37:02 Ballistics
37:04 Masonry
36:41 Pikeman
37:21 Squires
37:46 Conscription
38:33 Chemistry
38:16 Guilds
37:47 Cavalier
38:43 Arrowslits
40:52 Blast Furnace
40:22 Plate Mail Armor
40:28 Plate Barding Armor
40:33 Crenellations
41:16 Crop Rotation
41:52 Two-Man Saw
41:41 Siege Engineers
42:28 Arson
42:29 Paladin
44:18 Elite Teutonic Knight
54:15 Halberdier
58:19 Hoardings
62:13 Bombard Tower
Connection lost

Rejoining the realm…

Still unreachable

The connection could not be restored.

Session expired

The server has moved on; the page needs a fresh start.